Map: 천상의 쟁탈전

Players

테라진

  • Race: Protoss Protoss
  • Spawn Location: 7:00

CrownChan

  • Race: Terran Terran
  • Spawn Location: 6:00

VOD

Have the link to the VOD?

Description

Time

  • Played on: Aug. 26, 2017, 10:59 p.m.
  • Length: 13:58
Show
View Real Time Build Order
Export as new Build Order

테라진 Protoss 

Build Orders:  

Get SALT Encoding   

  12  0:02  Probe (Chrono Boost)  
  13  0:16  Probe (Chrono Boost)  
  14  0:30  Probe (Chrono Boost)  
  14  0:39  Pylon  
  15  0:51  Pylon  
  15  1:04  Probe (Chrono Boost)  
  16  1:17  Probe (Chrono Boost)  
  17  1:31  Probe (Chrono Boost)  
  18  1:45  Probe (Chrono Boost)  
  19  2:01  Nexus  
  19  2:04  Probe (Chrono Boost)  
  20  2:18  Probe (Chrono Boost)  
  21  2:22  Assimilator  
  21  2:24  Assimilator  
  21  2:28  Gateway  
  21  2:32  Probe (Chrono Boost)  
  22  2:46  Probe (Chrono Boost)  
  23  2:53  Pylon  
  23  3:00  Probe (Chrono Boost)  
  24  3:12  Pylon  
  24  3:14  Probe (Chrono Boost)  
  25  3:28  Probe (Chrono Boost)  
  26  3:39  Cybernetics Core  
  26  3:41  Probe x2 (Chrono Boost)  
  28  3:55  Probe x2 (Chrono Boost)  
  30  4:00  Pylon  
  30  4:09  Probe (Chrono Boost)  
  30  4:10  Probe (Chrono Boost)  
  30  4:17  Assimilator  
  32  4:23  Probe (Chrono Boost)  
  33  4:30  Warp Gate, Death Council  
  33  4:34  Probe (Chrono Boost)  
  33  4:37  Probe (Chrono Boost)  
  35  5:01  Probe (Chrono Boost)  
  35  5:07  Assimilator, Probe (Chrono Boost)  
  37  5:14  Pylon  
  37  5:15  Probe (Chrono Boost)  
  38  5:20  Ascendant Archives  
  38  5:21  Probe (Chrono Boost)  
  38  5:24  Gateway  
  38  5:28  Probe (Chrono Boost)  
  40  5:31  Forge  
  40  5:35  Probe (Chrono Boost)  
  41  5:42  Probe (Chrono Boost)  
  41  5:49  Gateway, Probe (Chrono Boost)  
  43  6:33  Power Overwhelming  
  43  6:35  Probe (Chrono Boost)  
  43  6:38  Gateway, Imposing Presence (Chrono Boost)  
  44  6:40  Gateway  
  44  6:41  Gateway  
  44  6:48  Gateway  
  44  6:49  Probe (Chrono Boost)  
  45  6:51  Gateway  
  45  6:54  Probe (Chrono Boost)  
  46  7:04  Probe  
  46  7:08  Cloaking Module  
  47  7:10  Probe  
  47  7:15  Pylon  
  48  7:21  Probe  
  48  7:22  Mind Blast  
  48  7:27  Probe  
  50  7:38  Pylon  
  50  7:42  Pylon  
  50  8:06  Ascendant  
  50  8:07  Ascendant x3  
  50  8:09  Ascendant  
  60  8:10  Ascendant  
  60  8:11  Chaotic Attunement  
  60  8:17  Nexus  
  60  8:18  Photon Cannon  
  62  8:21  Pylon  
  62  8:35  Pylon  
  62  8:52  Ascendant x2  
  62  8:55  Supplicant x6  
  62  8:56  Supplicant x2  
  82  9:05  Havoc  
  82  9:07  Supplicant x2  
  87  9:11  Mothership  
  79  9:20  Pylon  
  77  9:42  Ascendant x2  
  77  9:44  Supplicant x2  
  77  9:45  Supplicant x4, Pylon  
  93  10:00  Ascendant  
  93  10:02  Supplicant x4  
  93  10:06  Supplicant x2  
  91  10:38  Ascendant  
  91  10:40  Ascendant  
  91  10:41  Supplicant x2  
  91  10:42  Supplicant x6  
  91  10:48  Supplicant x2  
  81  11:59  Supplicant x8  
  93  12:00  Supplicant x2  
  93  12:06  Ascendant x2  
  97  12:16  Ascendant  
  99  12:27  Supplicant x6  
  99  12:28  Supplicant x4  
Show
View Real Time Build Order
Export as new Build Order

CrownChan Terran 

Build Orders:  

Get SALT Encoding   

  12  0:03  SCV  
  13  0:23  SCV  
  13  0:36  Supply Depot  
  13  0:40  SCV  
  14  0:57  Refinery, SCV  
  15  1:18  SCV  
  16  1:36  Barracks  
  16  1:37  SCV  
  17  1:54  SCV  
  18  2:14  SCV  
  19  2:25  Command Center  
  19  2:31  Orbital Command  
  19  3:04  Barracks Tech Lab  
  19  3:08  SCV  
  19  3:09  Refinery  
  20  3:42  Command Center  
  20  4:01  Command Center  
  20  4:16  Orbital Command  
  20  4:24  SCV  
  21  5:21  Command Center  
  21  5:22  Orbital Command  
  21  6:09  Orbital Command  
  21  6:49  Command Center  
  21  6:51  Command Center  
  21  7:08  Command Center  
  21  7:14  Orbital Command  
  21  8:02  Command Center  
  21  8:24  Command Center  
  21  9:09  Orbital Command  
  21  9:10  Orbital Command  
  21  9:11  Orbital Command  
  21  9:22  Orbital Command  
  21  9:49  Orbital Command  
  21  10:11  Engineering Bay  
  21  10:12  Engineering Bay  
  21  10:37  Orbital Command  
  21  10:55  Terran Infantry Weapons Level 1  
  21  10:56  Terran Infantry Armor Level 1  
  21  11:05  Factory  
  21  11:41  Command Center  
  21  11:48  Command Center x2  
Tags
 
Add a new tag
Caveats
  • Supply blocks, unpowered buildings, or Contaminate may cause inaccurate times.
  • Supply counts are checked every 10 seconds.